 Dungeon Crawl Stone Soup version 0.29.1-1-gd02db6906a (webtiles) character file.

Game seed: 3043421890137272882

171 gelatine the Shooter (level 5, 0/39 HPs)
             Began as a Demonspawn Hunter on Sept 19, 2022.
             Slain by a gnoll
             ... wielding a +0 halberd
             ... led by a gnoll bouda
              (13 damage)
             ... on level 5 of the Dungeon.
             The game lasted 00:04:07 (2346 turns).

gelatine the Shooter (Demonspawn Hunter)            Turns: 2346, Time: 00:04:08

Health: 0/39       AC:  3    Str: 11    XL:     5   Next: 26%
Magic:  5/5        EV: 12    Int: 10    God:
Gold:   88         SH:  0    Dex: 19    Spells: 4/4 levels left

rFire   . . .      SeeInvis .   a - +0 shortbow
rCold   . . .      Faith    .   (shield currently unavailable)
rNeg    . . .      Spirit   .   c - +0 leather armour
rPois   .          Reflect  .   (no helmet)
rElec   .          Harm     .   (no cloak)
rCorr   .          Rampage  .   (no gloves)
Will    .....                   (no boots)
Stlth   ++........              (no amulet)
HPRegen 0.13/turn               (no ring)
MPRegen 0.09/turn               (no ring)

@: weakened
A: spiny 1, weakness stinger 2
a: no special abilities


You were on level 5 of the Dungeon.
You visited 1 branch of the dungeon, and saw 4 of its levels.

You collected 88 gold pieces.

Inventory:

Hand Weapons
 a - a +0 shortbow (weapon)
 h - a +2 dagger of electrocution
Armour
 c - a +0 leather armour (worn)
Magical Staves
 i - a staff of fire
Scrolls
 b - 2 scrolls of immolation
 d - a scroll of identify
 g - a scroll of acquirement
 j - a scroll of enchant weapon {unknown}
Potions
 e - a potion of curing {unknown}
 f - a potion of haste {unknown}
 k - 2 potions of might {unknown}


   Skills:
 + Level 2.4 Fighting
 + Level 5.6 Ranged Weapons
 + Level 0.9 Armour
 + Level 2.0 Dodging
 + Level 1.0 Stealth


You had 4 spell levels left.
You didn't know any spells.
Your spell library was empty.

Dungeon Overview and Level Annotations

Branches:
Dungeon (3/15)

Altars:
Qazlal
Ru
Yredelemnul


Innate Abilities, Weirdness & Mutations

You are partially covered in sharp spines.
You have a tail ending in a sharp stinger.


Message History

You shoot an arrow. The arrow hits the gnoll bouda.
The gnoll bouda is severely wounded.
The gnoll bouda hits you with a +0 club!
The gnoll is struck by your spines. The gnoll hits you with a +0 whip.
The gnoll misses you.
You are too injured to fight recklessly!
You are too injured to fight recklessly!
The gnoll bouda attacks as you move away!
The gnoll bouda hits you with a +0 club.
* * * LOW HITPOINT WARNING * * *
The gnoll bouda gazes fiercely through you!
You feel your attacks grow feeble.
The gnoll bouda calls upon its god to heal the gnoll.
The gnoll's wounds heal themselves!
The gnoll bouda gazes fiercely through you!
You feel as though you will be weak longer.
The gnoll closely misses you.
There is an open door here.
The gnoll is no longer moving quickly.
You are too injured to fight recklessly!
Fire: a) +0 shortbow
Press: ? - help, Q - select action Shift-Dir - straight line, f/p - gnoll bouda
Aim: a gnoll bouda, wielding a +0 club and wearing a +0 robe (severely wounded, 68% to hit)
You shoot an arrow.
The arrow barely misses the gnoll bouda.
The arrow hits the gnoll!
The gnoll is severely wounded.
Fire: a) +0 shortbow
Press: ? - help, Q - select action Shift-Dir - straight line, f/p - gnoll bouda
Aim: a gnoll bouda, wielding a +0 club and wearing a +0 robe (severely wounded, 68% to hit)
You shoot an arrow.
The arrow closely misses the gnoll bouda.
The gnoll bouda barks out a call to the hunt!
The gnoll picks up the pace!
The gnoll misses you.
As you read the scroll labelled JYNEMI OPLATT, it crumbles to dust.
It is a scroll of identify.
g - a scroll of acquirement The gnoll hits you from afar with a +0 halberd!
You die...

..###.....#####'##
....#.....#......#
....'.....#......#
#.....#......#
#.....'......#
#.....#......#
#####.....##.###g#
.......#####'###g###
.......#.......g@..#
.......#...........#
.......'...........#
.......#...........#
.......#########...#
##'##....#######...#
'...#....#.........#
#..(#....#.........#
##..#....#####.##..#


You could see a gnoll bouda and 2 gnolls.

Vanquished Creatures
  A scorpion (D:5)
  2 gnolls (D:5)
  3 adders (D:2)
  A worm (D:2)
  4 dart slugs (D:1)
  An orc (D:2)
  5 endoplasms
  5 giant cockroaches
  4 goblins
  6 hobgoblins
  4 kobolds
  3 quokkas (D:1)
  3 ball pythons (D:1)
  2 bats (D:2)
  A frilled lizard (D:2)
  5 rats
50 creatures vanquished.

Notes
Turn   | Place    | Note
-------+----------+-------------------------------------------
     0 | D:1      | gelatine the Demonspawn Hunter began the quest for the Orb.
     0 | D:1      | Reached XP level 1. HP: 16/16 MP: 1/1
   105 | D:1      | Reached skill level 4 in Ranged Weapons
   170 | D:1      | Gained mutation: You have a small tail. [demonic ancestry]
   170 | D:1      | Reached XP level 2. HP: 22/22 MP: 2/2
   757 | D:1      | Reached XP level 3. HP: 27/27 MP: 3/3
  1276 | D:2      | Found a faded altar of an unknown god.
  1656 | D:2      | Gained mutation: You are partially covered in sharp spines.
                  | [demonic ancestry]
  1656 | D:2      | Reached XP level 4. HP: 33/33 MP: 4/4
  1710 | D:2      | Reached skill level 5 in Ranged Weapons
  2215 | D:3      | You fall into a shaft and drop 2 floors!
  2215 | D:5      | Entered Level 5 of the Dungeon
  2223 | D:5      | Noticed a scorpion
  2227 | D:5      | Killed a scorpion
  2228 | D:5      | Reached skill level 1 in Stealth
  2228 | D:5      | Gained mutation: You have a tail ending in a sharp stinger.
                  | [demonic ancestry]
  2228 | D:5      | Reached XP level 5. HP: 38/38 MP: 5/5
  2246 | D:5      | Found a basalt altar of Yredelemnul.
  2246 | D:5      | Found a sacrificial altar of Ru.
  2247 | D:5      | Found a stormy altar of Qazlal.
  2346 | D:5      | Identified a scroll of acquirement
  2346 | D:5      | Slain by a gnoll

Illustrated notes

Levels and vault maps discovered:
D:1:      zelgadis_glass_arrival_small, layout_loops_corners
D:2:      layout_basic, serial_rivers, chequers_serial_rivers_small_3,
          chequers_serial_rivers_large_a, chequers_serial_rivers_micro_c,
          chequers_serial_rivers_micro_e, hellmonk_ecumenical_altar_blasted
D:3:      layout_basic, amethyst_killhole, minivault_24
D:5:      layout_gridville, gammafunk_temple_overflow_forgotten,
          minmay_temple_entry_tees, enter_ossuary_2, minmay_misc_feat_cross,
          uniq_duvessa

Skill      XL: |  1  2  3  4 |
---------------+-------------+-----
Ranged Weapons | 4 5 |  5.6
Dodging        | 2 |  2.0
Stealth        | 1 |  1.0
Fighting       | |  2.4
Armour         | |  0.9

Action                   |  1- 3 |  4- 6 || total
-------------------------+-------+-------++-------
 Fire: Shortbow          |   116 |    33 ||   149
  Use: Scroll            |       |     1 ||     1
Armor: Leather armour    |    10 |       ||    10
Dodge: Dodged            |    27 |     9 ||    36
